[Event "84th Georgian Championship 2025"]
[Site "Tbilisi"]
[Date "2025.02.09"]
[Round "6.1"]
[White "Nigalidze, Gaioz"]
[Black "Pantsulaia, Levan"]
[Result "0-1"]
[Annotator "TA"]
[ECO "E90"]
[WhiteElo "2378"]
[BlackElo "2522"]
[PlyCount "102"]
[EventDate "2025.02.03"]
[EventType "tourn"]
[EventCountry "GEO"]
[SourceTitle "playchess.com"]
[Source "ChessBase"]
[SourceQuality "1"]
[TimeControl "40/5400+30:1800+30"]

1. d4 Nf6 2. c4 c5 3. d5 g6 4. Nc3 Bg7 5. e4 d6 6. h3 O-O 7. Nf3 e6 8. Bd3 exd5 9. exd5 Re8+ 10. Be3 Rxe3+ $1 {[%emt 0:00:51][%mdl 4] is now more promising than 10...Bh6. E90: King's Indian: Classical: Early deviations and 6 h3.} 11. fxe3 Qe7 12. O-O Nbd7 {[%emt 0:00:35] White is slightly better.} 13. Qe1 h6 14. Qf2 Ne5 $146 (14... Nh7 15. Ne4 Ne5 16. Nxe5 Bxe5 17. Nc3 Bd7 18. Ne2 Be8 19. Nf4 Nf6 20. Rae1 Nd7 {0-1 Peralta,F (2558)-Duda,J (2732) Olympiad-45 Budapest 2024 (3.10)}) 15. Nxe5 Qxe5 16. Rae1 a6 17. Qf4 Qe7 18. Re2 Nd7 19. Ref2 Ne5 20. Bb1 Rb8 21. Ne4 Bf5 22. b3 b5 23. cxb5 axb5 24. g4 Bxe4 25. Qxe4 Qh4 26. Kg2 Ra8 27. Bd3 c4 {[%emt 0:10:16] Really sharp!} 28. bxc4 (28. Bb1 $5) 28... bxc4 29. Bxc4 (29. Be2 $11 {keeps the balance.}) 29... f5 $1 $17 30. Qf4 (30. gxf5 $2 Qxe4+ 31. Kg1 Qxe3 $19 (31... Qxc4 $2 32. f6 $19)) 30... fxg4 {[%emt 0:00:27] Black is more active.} 31. hxg4 {[%emt 0:00:26] [#] Loses the game.} (31. Be2 $1 $15 Qxh3+ (31... Rxa2 32. Bxg4 Rxf2+ 33. Rxf2 $16) 32. Kg1) 31... g5 $1 $19 32. Qe4 {[%emt 0:00:18] and Be2 should not be overlooked} Nxg4 {[%emt 0:00:21] ( -> ...Qh2+)} 33. Kg1 {[%emt 0:00:49] [#]} ({Wrong is} 33. Qe6+ $2 Kh8 34. Rf5 Qh2+ 35. Kf3 Ne5+ 36. Rxe5 dxe5 $19 (36... Bxe5 $2 37. Ke4 $19)) 33... Qg3+ $1 34. Qg2 Qxg2+ 35. Rxg2 Nxe3 36. Bb3 Nxf1 37. Kxf1 {[%emt 0:00:13][%mdl 4096] Endgame KRB-KRB. Black is a pawn up.} Be5 {[%emt 0:00:47] Dodges Rh2} 38. Rc2 $2 (38. a4) 38... h5 39. Kg2 Kg7 40. Rc4 g4 41. a4 Rb8 42. Bc2 Rb2 43. Kf2 Kf6 {[%emt 0:05:46] Strongly threatening ...h4.} 44. Ke3 Ra2 45. Rc8 (45. Bd1 $142) 45... h4 46. Rf8+ Ke7 47. Rc8 h3 {[%emt 0:00:16] ( -> ...g3)} 48. Bf5 h2 49. Be4 g3 50. Rg8 g2 51. Rxg2 Ra3+ {[%emt 0:51:53] Weighted Error Value: White=0.56/Black=0.06 (flawless)   Mistake:       	White=4     	---        Inaccurate:     	White=8     	Black=2      OK:         	White=8     	Black=19     Best:        	White=1     	Black=2      Strong:       	---       	Black=3} (51... h1=B $2 {perishes.} 52. Rxa2 Kd7 53. Rc2 (53. Bxh1 Kc7 $18) 53... Bxe4 54. Kxe4 $18) 0-1

[Event "84th Georgian Championship 2025"]
[Site "Tbilisi"]
[Date "2025.02.09"]
[Round "6.2"]
[White "Petriashvili, Nikoloz"]
[Black "Paichadze, Luka"]
[Result "1/2-1/2"]
[Annotator "TA"]
[ECO "B12"]
[WhiteElo "2450"]
[BlackElo "2532"]
[PlyCount "105"]
[EventDate "2025.02.03"]
[EventType "tourn"]
[EventCountry "GEO"]
[SourceTitle "playchess.com"]
[Source "ChessBase"]
[SourceQuality "1"]
[TimeControl "40/5400+30:1800+30"]

1. e4 c6 2. d4 d5 3. e5 Bf5 4. h4 h5 5. Bd3 Bxd3 6. Qxd3 e6 {[%emt 0:00:33] 6...Qa5+ deserves study.} 7. Nf3 Qa5+ {[%emt 0:02:00] B12: Caro-Kann: Advance Variation.} 8. c3 Qa6 9. Qxa6 Nxa6 10. Be3 Ne7 11. a4 $146 (11. Nbd2 Nf5 12. Nf1 c5 13. Ng3 cxd4 14. cxd4 Bb4+ 15. Ke2 Nxg3+ 16. fxg3 Rc8 17. Rac1 {0-1 Rybkin,R (1810)-Kononenko,D (2224) St Petersburg Korchnoi Memorial op 2024 (1)}) 11... Nf5 12. b4 Nb8 13. a5 Nd7 14. Bf4 Be7 15. Nbd2 O-O 16. Ke2 b6 17. Nf1 c5 18. bxc5 bxc5 19. Ne3 Nxe3 20. fxe3 Rfb8 21. Ra2 Rb5 22. Nd2 Rc8 23. g3 Nb8 24. Rb1 Rxb1 25. Nxb1 Nc6 26. a6 Rb8 27. Nd2 Rb6 28. dxc5 Bxc5 29. Kd3 Nb8 30. Ra5 $1 (30. e4 Rxa6 (30... Nxa6 31. exd5 exd5 32. Ra5 $15) 31. Rxa6 Nxa6 32. exd5 exd5 $11) 30... Bf8 31. e4 Rxa6 32. Rxa6 {[%emt 0:05:23] The position is equal.} Nxa6 33. exd5 $1 exd5 $11 {[%emt 0:00:08][%mdl 4096] Endgame With the idea ...Bc5. KBN-KBN. Black is a pawn up.} 34. Be3 Bc5 35. Bxc5 Nxc5+ {[%emt 0:00:02] KN-KN. Black is a pawn up.} 36. Kd4 Na4 37. Nf1 Nb6 (37... Kf8 $5) 38. Ne3 a5 39. Nxd5 a4 {[%emt 0:00:52] [#]} 40. Nb4 (40. Nxb6 $2 {loses.} a3 41. e6 fxe6 $19) 40... Kf8 41. c4 Ke7 42. c5 Nc8 43. Nd5+ Kd7 44. Nf4 g6 45. e6+ fxe6 {[%emt 0:01:41][%cal Oe6e5] [#]} 46. Nxg6 Ne7 47. Nf8+ Kc6 48. Nxe6 Nf5+ 49. Kc4 a3 {[%emt 0:00:40][%cal Oa3a2] ...a2! would now be deadly.} 50. Kb3 Nxg3 51. Kxa3 Kd5 52. Nf4+ Kxc5 53. Nxh5 {[%emt 0:00:48] Weighted Error Value: White=0.03 (flawless) /Black=0.05 (flawless)   Inaccurate:     	White=2     	Black=3      OK:         	White=27    	Black=23     Best:        	White=3     	---        Strong:       	White=2     	---} 1/2-1/2

[Event "84th Georgian Championship 2025"]
[Site "Tbilisi"]
[Date "2025.02.09"]
[Round "6.3"]
[White "Kacharava, Nikolozi"]
[Black "Sanikidze, Tornike"]
[Result "1-0"]
[Annotator "TA"]
[ECO "C10"]
[WhiteElo "2524"]
[BlackElo "2432"]
[PlyCount "65"]
[EventDate "2025.02.03"]
[EventType "tourn"]
[EventCountry "GEO"]
[SourceTitle "playchess.com"]
[Source "ChessBase"]
[SourceQuality "1"]
[TimeControl "40/5400+30:1800+30"]

1. e4 e6 2. d4 d5 3. Nc3 Nf6 4. Bg5 dxe4 5. Nxe4 Nbd7 6. Nf3 h6 7. Nxf6+ Nxf6 8. Be3 $1 {[%emt 0:03:34][%mdl 4] is now more promising than 8.Bh4.} Be7 9. Bd3 O-O {[%emt 0:06:12] C10: French with 3 Nc3: Unusual Black 3rd moves and 3...dxe4.} 10. Qd2 Re8 $146 (10... Nd5 11. h4 Nxe3 12. fxe3 c5 13. O-O-O b5 14. Be4 Rb8 15. g4 f5 16. gxf5 exf5 17. Bc6 {0-1 Rohit,S (2359)-Manish,A (2307) Vojvodina op 14th 2024 (4)}) 11. O-O-O Bf8 (11... b6 $142) 12. Ne5 $16 Nd5 13. g4 {[%emt 1:00:14] White is more active.} c5 {[%emt 0:15:56] [#]} (13... Bd6 $16) 14. h4 (14. dxc5 $6 Qc7 15. Bd4 f6 $14) (14. g5 $1 $18 ) 14... Nxe3 $2 (14... Qc7 $16 {was necessary.}) 15. fxe3 $18 f6 16. Ng6 {[%emt 0:00:00][%cal Og4g5] g5! would now be deadly.} cxd4 17. exd4 Qd5 18. Kb1 e5 19. dxe5 Be6 20. c4 Qf3 (20... Qd7 21. exf6 gxf6 22. Nxf8 Rxf8) 21. Rhf1 Qg3 22. Rg1 Qf3 23. Rdf1 Bb4 {[%emt 0:00:00] Strongly threatening ...Qxf1+.} 24. Qc2 (24. Qxb4 $2 {is the wrong capture.} Qxd3+ 25. Ka1 Qxg6 $19) 24... Qe3 25. exf6 Rad8 (25... Qd2 $142 26. Qxd2 Bxd2) 26. Nf4 {[%emt 0:00:00] Bh7+ would kill now.} gxf6 27. g5 fxg5 28. hxg5 h5 29. Bh7+ Kh8 30. g6 ({Less strong is} 30. Nxh5 Rd2 $18) 30... Kg7 31. Nxh5+ {[%emt 0:00:36] White mates.} Kh6 {[%emt 0:00:00] [#]} 32. g7 $1 Kxh5 {[%emt 0:01:00] [#]} (32... Rd3 33. Nf6) 33. Rf5+ $1 {[%emt 0:00:31][%mdl 512] White took control after the opening.   Weighted Error Value: White=0.57/Black=1.01  Mistake:       	White=1     	Black=4      Inaccurate:     	---       	Black=3      OK:         	White=7     	Black=6      Best:        	White=4     	Black=1} 1-0

[Event "84th Georgian Championship 2025"]
[Site "Tbilisi"]
[Date "2025.02.09"]
[Round "6.4"]
[White "Gagunashvili, Merab"]
[Black "Tutisani, Noe"]
[Result "1-0"]
[Annotator "TA"]
[ECO "B13"]
[WhiteElo "2541"]
[BlackElo "2439"]
[PlyCount "123"]
[EventDate "2025.02.03"]
[EventType "tourn"]
[EventCountry "GEO"]
[SourceTitle "playchess.com"]
[Source "ChessBase"]
[SourceQuality "1"]
[TimeControl "40/5400+30:1800+30"]

1. d4 d5 2. Nf3 Nf6 3. Bf4 c5 4. e3 Nc6 5. Nbd2 cxd4 6. exd4 Bg4 7. c3 e6 {[%emt 0:03:31] B13: Caro-Kann: Exchange Variation and Panov-Botvinnik Attack.} 8. Qb3 Qc8 9. Ne5 Bd6 $2 (9... Bf5 $11 {and Black has nothing to worry.}) 10. f3 $146 (10. h3 Bf5 11. g4 Bxg4 12. hxg4 Nxg4 13. Ndf3 Qc7 14. Bb5 f6 15. Nxg4 Bxf4 16. Qc2 {1-0 Quast,M (2284)-Mostbauer,F (2308) Oberliga Bayern 2122 2021 (6.3)}) 10... Bh5 11. g4 {[%emt 0:00:22] White is more active.} Qc7 12. gxh5 Nxh5 13. Nxc6 Bxf4 14. Nb4 Bxd2+ (14... O-O $16) 15. Kxd2 $18 Qf4+ 16. Kc2 O-O 17. Re1 Qh4 18. Be2 a5 19. Nd3 a4 20. Qa3 Rfc8 21. Kb1 b5 22. Ne5 Rab8 23. Qb4 Qd8 24. Nd3 (24. Bxb5 a3 25. Rhg1 (25. bxa3 Rxb5 26. Qxb5 Rb8 $11) (25. Nc6 $2 Rxc6 26. Bxc6 Rxb4 $19) 25... Nf4 $18) 24... Nf6 25. Nc5 Ne8 26. b3 (26. Bxb5 Nd6 $11) (26. h4 $142) 26... Nd6 27. Qa3 (27. bxa4 $2 bxa4 28. a3 Rxb4+ 29. axb4 Qg5 $19) 27... axb3 28. axb3 (28. Qxb3 $142 Nc4 29. Ka1) 28... Ra8 $16 29. Qb2 {[%emt 0:01:39] and Nd3 should not be overlooked} Ra7 (29... Nc4 $1 $11 30. Bxc4 (30. bxc4 bxc4 31. Kc2 Rcb8 $11) 30... bxc4) 30. Kc2 Qg5 31. Ra1 $1 Qg6+ 32. Kc1 $1 Rxa1+ 33. Qxa1 e5 34. Rd1 Qg5+ 35. Rd2 Qe3 (35... Qg1+ $16 36. Bd1 (36. Kb2 Qxh2 37. dxe5 Qxe5 $16) 36... Qe3) 36. Kc2 (36. dxe5 $18 Rxc5 37. exd6 Rxc3+ 38. Kb1 Rxb3+ 39. Kc2) 36... exd4 37. cxd4 b4 (37... g6 $16 {might work better.} 38. Bd3 b4) 38. Bd3 $18 g6 {[%emt 0:00:03] [#]} 39. Re2 $1 Qxf3 {[%emt 0:00:54] [#]} 40. Qa5 ({White should try} 40. Qe1 $1 $18) 40... Nf5 (40... Ne4 $16) 41. Qxb4 Qg4 42. Kc3 Kg7 43. Rd2 ({Not} 43. Bxf5 $2 Qxe2 44. Qb7 Qe1+ 45. Kb2 Qf2+ 46. Ka3 Qxf5 $19) 43... Ne3 $2 (43... Nd6 44. Kb2 Qf4) 44. Qb7 h5 45. Be2 Qf5 46. Rd3 Ng4 (46... Re8 47. Qd7 Qxd7 48. Nxd7 Re7) 47. Rf3 Rxc5+ 48. Kb4 Rc4+ 49. Ka3 ({Less strong is} 49. bxc4 Qb1+ 50. Rb3 Qe1+ 51. Kb5 Qxe2 $16) 49... Qe6 50. bxc4 (50. Bxc4 dxc4 51. d5 Qd6+ 52. Ka4 Ne5 $16) 50... dxc4 {[%emt 0:00:04][%cal Og4h2] [#]} 51. Qc7 Qd5 (51... Ne3 52. h3) 52. Qxc4 Qa8+ 53. Kb3 Qb7+ 54. Kc3 Qe7 {[%emt 0:00:02] [#]} 55. Rxf7+ $3 {[%emt 0:01:59][%mdl 512] ?ev?.} Qxf7 56. Qxf7+ Kxf7 57. Bxg4 hxg4 {[%emt 0:00:03] KPP-KPP} 58. Kc4 Ke6 59. Kc5 g5 60. Kc6 Ke7 61. d5 Kd8 62. Kd6 {[%emt 0:00:15] Weighted Error Value: White=0.24 (precise) /Black=0.52  Loses game:     	---       	Black=1      Mistake:       	White=4     	Black=7      Inaccurate:     	White=2     	Black=2      OK:         	White=17    	Black=17     Best:        	White=5     	Black=1      Strong:       	White=2     	---} 1-0

[Event "84th Georgian Championship 2025"]
[Site "Tbilisi"]
[Date "2025.02.10"]
[Round "7.1"]
[White "Pantsulaia, Levan"]
[Black "Gagunashvili, Merab"]
[Result "1/2-1/2"]
[Annotator "TA"]
[ECO "D14"]
[WhiteElo "2522"]
[BlackElo "2541"]
[PlyCount "27"]
[EventDate "2025.02.03"]
[EventType "tourn"]
[EventCountry "GEO"]
[SourceTitle "playchess.com"]
[Source "ChessBase"]
[SourceQuality "1"]
[TimeControl "40/5400+30:1800+30"]

1. d4 d5 2. c4 c6 3. cxd5 cxd5 4. Nc3 Nf6 5. Nf3 Nc6 6. Bf4 Bf5 7. e3 e6 8. Bd3 Bxd3 9. Qxd3 Bd6 {[%emt 0:00:07] The position is equal.} 10. Bxd6 {[%emt 0:00:03] D14: Slav Defence: Exchange variation with ...Bf5.} Qxd6 11. O-O O-O {[%emt 0:00:40] Not much happened in this game.   OK:         	White=1     	Black=1} 12. Rac1 $146 Rac8 13. h3 h6 14. a3 {½-½ Abasov,N (2641)-Mamedov,R (2651) Gashimov Memorial Rapid 9th 2023 (8)} 1/2-1/2

[Event "84th Georgian Championship 2025"]
[Site "Tbilisi"]
[Date "2025.02.10"]
[Round "7.3"]
[White "Tutisani, Noe"]
[Black "Kacharava, Nikolozi"]
[Result "1-0"]
[Annotator "RC"]
[ECO "B30"]
[WhiteElo "2439"]
[BlackElo "2524"]
[PlyCount "107"]
[EventDate "2025.02.03"]
[EventType "tourn"]
[EventCountry "GEO"]
[SourceTitle "playchess.com"]
[Source "ChessBase"]
[SourceQuality "1"]
[TimeControl "40/5400+30:1800+30"]

1. e4 c5 2. Nf3 Nc6 3. Bc4 e6 4. O-O Nf6 5. Re1 Nxe4 6. Rxe4 d5 7. Bxd5 Qxd5 8. Nc3 Qd8 9. d4 Be7 10. Bf4 O-O 11. d5 Nb4 12. d6 Bf6 13. Ne5 b6 14. a3 Bxe5 15. Rxe5 Nc6 16. Rh5 Bb7 17. Qd3 g6 18. Bh6 f5 19. Bxf8 gxh5 20. Bh6 Qf6 21. Qg3+ Qg6 22. Bg5 e5 23. Bh4 Nb8 24. Nb5 Nd7 25. Nc7 Rc8 26. b4 Kf7 27. Qxg6+ hxg6 28. b5 Rg8 29. Bg5 Be4 30. c3 Nf6 31. a4 Rd8 32. f3 Bd3 33. Nd5 Rxd6 34. Nxf6 Rxf6 35. Bxf6 Kxf6 36. Kf2 f4 37. Rd1 c4 38. Ke1 Ke6 39. Kd2 Kd5 40. g3 Kd6 41. gxf4 exf4 42. Re1 Kd7 43. h4 Bf5 44. Re5 Bb1 45. Rd5+ Ke6 46. Rd8 g5 47. hxg5 Kf5 48. Rg8 Bd3 49. g6 Kf6 50. g7 Bg6 51. a5 h4 52. Ra8 Kxg7 53. Rxa7+ Kf6 54. axb6 1-0

[Event "84th Georgian Championship 2025"]
[Site "Tbilisi"]
[Date "2025.02.10"]
[Round "7.4"]
[White "Paichadze, Luka"]
[Black "Nigalidze, Gaioz"]
[Result "1-0"]
[Annotator "TA"]
[ECO "B31"]
[WhiteElo "2532"]
[BlackElo "2378"]
[PlyCount "73"]
[EventDate "2025.02.03"]
[EventType "tourn"]
[EventCountry "GEO"]
[SourceTitle "playchess.com"]
[Source "ChessBase"]
[SourceQuality "1"]
[TimeControl "40/5400+30:1800+30"]

1. e4 c5 2. Nf3 Nc6 3. Bb5 g6 4. Bxc6 bxc6 5. O-O Bg7 6. Re1 Qc7 {[%emt 0:01:51] is now more promising than 6...Nh6. B31: Sicilian: 2...Nc6 3 Bb5 g6.} 7. c3 d6 8. h3 Nf6 {[%emt 0:00:13] White has an edge.} 9. d4 cxd4 10. cxd4 O-O 11. Nc3 c5 12. e5 dxe5 13. dxe5 Rd8 14. Qa4 Nh5 15. Be3 Bb7 16. Qg4 Bxf3 (16... Bxe5 $6 17. Nxe5 Qxe5 18. Bg5 $16) (16... Bc6 $11 {keeps the balance.}) 17. Qxf3 $16 {[%emt 0:00:10] [#] White now steadily converts the win.} Qxe5 18. g4 {[%emt 0:01:54][%cal Bg2g4,Bg4g5][%mdl 32] White sacrificed a pawn Dodges Qf5} Nf6 19. Bf4 {[%emt 0:00:22][%mdl 1024] White has strong compensation.} Qd4 20. Rad1 $146 {[%emt 0:03:16] White has strong rooks and is better} (20. Rxe7 Qd3 21. Re3 Qa6 22. Rae1 Rac8 23. Be5 Qc6 24. Qxc6 Rxc6 25. Bg3 Kf8 26. Nb5 {0-1 Karolczuk,I (2345)-Janeczko,J (2202) Bydgoszcz op-A 2023 (7)}) 20... Qc4 21. b3 $36 {[%emt 0:00:09][%mdl 2048] White is on the roll. White is more active.} (21. Rxe7 $6 Rxd1+ 22. Nxd1 Qd5 $14) 21... Qb4 (21... Qa6) 22. Bc7 $18 (22. Rxe7 Rxd1+ 23. Nxd1 Re8 (23... Rd8 24. Ne3 $16) 24. Rxa7 h5 $16) 22... Re8 23. g5 Nh5 24. Nd5 Qh4 25. Nxe7+ Kh8 26. Qg4 ({Inferior is} 26. Qxf7 Rf8 (26... Qxh3 $2 {perishes.} 27. Nxg6+ hxg6 28. Rxe8+ $18) (26... Qxg5+ 27. Kf1 $15) 27. Qd5 Qxf2+ 28. Kh1 Nf4 (28... Qxa2 29. Rd2 $11) 29. Bxf4 Qxf4 $17) 26... Qxg4+ 27. hxg4 Bf8 28. Be5+ Ng7 {[%emt 0:00:18] [#] Black is weak on the dark squares} 29. Nd5 ({Weaker is} 29. Bf6 Bxe7 30. Bxe7 (30. Rxe7 Rxe7 31. Bxe7 Ne6 $16) 30... Ne6 31. Bf6+ Kg8 $16) 29... Rac8 30. f4 Re6 31. Nf6 Be7 32. Rd7 {[%emt 0:00:28] and Nd5 would now be decisive} a6 $2 (32... Bxf6 33. gxf6 Ne8) 33. Nd5 Bf8 34. Rxf7 Rce8 35. f5 Rxe5 36. Rxe5 Rxe5 37. Rxf8# {[%emt 0:00:07] Weighted Error Value: White=0.04 (flawless) /Black=0.64  Mistake:       	---       	Black=3      Inaccurate:     	---       	Black=1      OK:         	White=9     	Black=15     Best:        	White=6     	Black=4} 1-0

[Event "84th Georgian Championship 2025"]
[Site "Tbilisi"]
[Date "2025.02.10"]
[Round "7.5"]
[White "Quparadze, Giga"]
[Black "Petriashvili, Nikoloz"]
[Result "1-0"]
[Annotator "TA"]
[ECO "B30"]
[WhiteElo "2537"]
[BlackElo "2450"]
[PlyCount "79"]
[EventDate "2025.02.03"]
[EventType "tourn"]
[EventCountry "GEO"]
[SourceTitle "playchess.com"]
[Source "ChessBase"]
[SourceQuality "1"]
[TimeControl "40/5400+30:1800+30"]

1. e4 c5 2. Nf3 Nc6 3. Bb5 e6 4. Bxc6 bxc6 5. d3 Ne7 6. Nbd2 {[%emt 0:00:11] B30: Sicilian: 2...Nc6 3 Bb5, lines without ...g6.} f6 7. Nh4 d5 8. f4 {[%emt 0:00:07] White is slightly better.} c4 9. dxc4 Qb6 10. Qf3 Ba6 11. b3 $146 (11. a4 dxc4 12. a5 Qc5 13. Qf2 Ng6 14. Nxg6 hxg6 15. Nf3 c3 16. b3 O-O-O 17. Be3 {1-0 Moussard,J (2596)-Maze,S (2553) FRA-ch 97th L'Alpe d'Huez 2024 (2.6)}) 11... Rg8 (11... Ng6 $11 12. Nxg6 hxg6) 12. Bb2 $16 O-O-O 13. Qh3 g5 14. fxg5 (14. Qxe6+ Kb7 15. Nf5 (15. Bxf6 $2 Qe3+ 16. Kd1 dxc4 $19) 15... Nxf5 16. exf5 (16. Qxg8 $2 Qe3+ 17. Kd1 dxc4 $19) 16... gxf4) 14... fxg5 15. Qxe6+ Kb8 16. Nf5 {[%emt 0:00:13] Prevents Qe3+} Nxf5 17. exf5 {[%emt 0:00:04][%csl Of5] White has a strong passed pawn} (17. Qxg8 Qe3+ (17... Bg7 18. c5 $11) 18. Kf1 (18. Kd1 $2 dxc4 19. Be5+ Ka8 $19) 18... dxe4 19. Be5+ Ka8 $19) 17... Bd6 (17... Bc8 $16 18. Qe2 (18. Qxg8 $2 Qe3+ 19. Kd1 Bb4 $19) 18... Bd6) 18. O-O-O $18 (18. cxd5 $2 Rge8 19. O-O-O Rxe6 20. dxe6 Be2 $19) 18... Rge8 19. Qf6 dxc4 20. Qxg5 (20. Nxc4 Bf4+ 21. Kb1 Rxd1+ 22. Rxd1 Bxc4 $17) 20... Qa5 (20... cxb3 $142 21. axb3 Be2) 21. Nxc4 (21. bxc4 Be7 22. Qg3+ Bd6 23. Qb3+ Ka8) 21... Bxc4 22. bxc4 Ka8 {[%emt 0:00:08] [#]} 23. Qf6 $1 {[%emt 0:02:38] Prevents Qxa2} Rf8 {[%emt 0:04:19] [#]} (23... Qc5 $142) 24. Qh6 $1 Qc7 (24... Rfe8 $142 25. Kb1 (25. Rxd6 $2 {is a self mate.} Re1+ 26. Rxe1 Qxe1+) 25... Re7) 25. Rhf1 Bxh2 26. Rxd8+ Rxd8 27. Qe6 {[%emt 0:00:12] Strongly threatening f6.} Bf4+ (27... Qb6 {might work better.} 28. Qe4 Rb8) 28. Kb1 Rb8 {[%emt 0:00:05] ...Be5 would now be deadly.} 29. Ka1 Qb6 30. Bc3 Bd2 31. Qe5 (31. Bxd2 $2 Qb2#) 31... Qc5 32. Qd4 (32. Qxc5 $2 Bxc3#) 32... Bxc3+ 33. Qxc3 {[%emt 0:00:04][%mdl 4096] Endgame KQR-KQR. White is two pawns up.} Re8 34. g4 h6 35. f6 {[%emt 0:02:33] Wards off Qe7} Re3 (35... Rf8 $142 36. f7 h5 37. gxh5 Qxh5) 36. Qb2 {[%emt 0:00:04] f7 would kill now.} Re8 37. Rb1 Qb6 38. Qxb6 axb6 39. Rh1 Rh8 40. g5 {[%emt 0:00:00] Weighted Error Value: White=0.15 (very precise) /Black=0.70  Mistake:       	---       	Black=7      Inaccurate:     	White=2     	---        OK:         	White=15    	Black=5      Best:        	White=6     	Black=3      Strong:       	White=1     	---} 1-0